 Dungeon Crawl Stone Soup version 0.29.0-11-gd7f09526c8 (webtiles) character file.

Game seed: 5278607936295849328

2423 kingofstarryskies the Blocker (level 10, -3/84 HPs)
             Began as a Meteoran Fighter on Sept 6, 2022.
             Was a Follower of Qazlal.
             Slain by a killer bee (6 damage)
             ... on level 11 of the Dungeon.
             The game lasted 00:25:14 (4528 turns).

kingofstarryskies the Blocker (Meteoran Fighter)    Turns: 4528, Time: 00:25:15

Health: -3/84      AC: 11    Str: 23    XL:     10   Next: 5%
Magic:  21/21      EV:  8    Int: 10    God:    Qazlal [*.....]
Gold:   251        SH: 14    Dex: 13    Spells: 23/23 levels left

rFire   . . .      SeeInvis .   d - +3 demon trident (vorpal)
rCold   . . .      Faith    .   m - +1 kite shield
rNeg    + . .      Spirit   .   b - +0 scale mail
rPois   .          Reflect  .   (no helmet)
rElec   .          Harm     .   (no cloak)
rCorr   .          Rampage  .   (no gloves)
Will    +....                   (no boots)
Stlth   ..........              (no amulet)
HPRegen 0.24/turn               g - +4 ring of protection
MPRegen 0.17/turn               e - ring of positive energy

@: mighty, lethally poisoned (-3 -> -15), about to teleport, glowing
A: sense surroundings 2, otherworldly, glowing, explore regen, robust 1
a: Renounce Religion


You were on level 11 of the Dungeon.
You worshipped Qazlal.
Qazlal was aware of your devotion.
You visited 2 branches of the dungeon, and saw 12 of its levels.

You collected 251 gold pieces.

Inventory:

Hand Weapons
 a - a +0 trident
 d - a +3 vorpal demon trident (weapon)
 v - a +0 scythe
Armour
 b - a +0 scale mail (worn)
 c - a +1 buckler
 m - a +1 kite shield (worn)
Magical Staves
 n - a staff of conjuration
Jewellery
 e - a ring of positive energy (right hand)
 g - a +4 ring of protection (left hand)
 u - a +6 ring of dexterity
Wands
 h - a wand of roots (4)
 l - a wand of polymorph (16)
Scrolls
 j - a scroll of identify
 k - a scroll of blinking
 x - a scroll of fog
 y - 4 scrolls of poison
 z - a scroll of enchant armour
Potions
 f - 2 potions of brilliance
 i - a potion of curing
 o - a potion of haste
 r - 2 potions of degeneration
 t - a potion of attraction


   Skills:
 - Level 3.6 Fighting
 + Level 9.0 Polearms
 - Level 3.9 Armour
 - Level 10.2 Shields
 * Level 7.1 Spellcasting


You had 23 spell levels left.
You didn't know any spells.
Your spell library contained the following spells:

 Spells                   Type           Power      Damage    Failure   Level
 Magic Dart               Conj           12%        1d3       71%         1
 Poisonous Vapours        Pois/Air       6%         N/A       83%         2
 Searing Ray              Conj           6%         2d4       83%         2
 Static Discharge         Conj/Air       3%         3-4/arc   83%         2
 Gell's Gravitas          Tloc           3%         N/A       97%         3
 Lesser Beckoning         Tloc           3%         N/A       97%         3
 Mephitic Cloud           Conj/Pois/Air  3%         N/A       97%         3
 Teleport Other           Tloc           3%         N/A       97%         3
 Fulminant Prism          Conj/Hex       1%         3d6       100%        4
 Petrify                  Tmut/Erth      3%         N/A       100%        4
 Silence                  Hex/Air        1%         N/A       100%        5


Dungeon Overview and Level Annotations

Branches:
Dungeon (11/15) Zot: 1980  Temple (1/1) D:6 Zot: 598     Orc (0/2) D:9
   Lair: D:8-11

Altars:
Ashenzari
Dithmenos
Nemelex Xobeh
Qazlal
Sif Muna
Trog
Vehumet
Xom

Shops:
D:2 !   D:4 =

Annotations:
D:10 Fannar


Innate Abilities, Weirdness & Mutations

You passively map the area around you.
You are easily found by Zot.
You glow in the dark.
You regain HP and MP as you explore.
You are robust. (+10% HP)


Message History

You are poisoned.
The killer bee poisons you!
The killer bee stings you but does no damage.
You block the killer bee's attack. The killer bee stings you.
You are more poisoned.
The killer bee poisons you! The killer bee stings you.
* * * LOW HITPOINT WARNING * * *
You block the killer bee's attack. x2
The killer bee stings you but does no damage.
The killer bee stings you.
* * * LOW HITPOINT WARNING * * *
As you read the scroll of teleportation, it crumbles to dust.
You feel strangely unstable.
You feel very sick. The killer bee closely misses you.
You block the killer bee's attack. x2
The killer bee barely misses you. The killer bee completely misses you.
The killer bee stings you but does no damage. x4
The killer bee stings you.
* * * LOW HITPOINT WARNING * * *
Okay, then.
You feel very mighty all of a sudden.
You feel sick. You block the killer bee's attack.
The killer bee stings you but does no damage.
You block the killer bee's attack.
The killer bee stings you but does no damage.
You block the killer bee's attack.
The killer bee stings you but does no damage. x2
The killer bee barely misses you. The killer bee stings you.
* * * LOW HITPOINT WARNING * * *
You are lethally poisoned!
The killer bee poisons you! You block the killer bee's attack.
You impale the killer bee!!
You kill the killer bee!
Qazlal accepts your kill.
* * * LOW HITPOINT WARNING * * *
You feel very sick. The killer bee stings you.
* * * LOW HITPOINT WARNING * * *
The killer bee stings you.
You die...

..... #### ..... ###
##..##.....
#.####.........#
##...##.........#
#.........#......
##.........#......
###y†....#.####.....
#.y@y....### .....
###☼y....##* *.....
###.......... ,.####
#...........# ,, ,
##...........# *
#####.....##.......
* ,
##.##...............
*,
#.........###.......
, ,
#...........#,[.. ,


You could see 4 killer bees.

Vanquished Creatures
  Sigmund (D:4)
  A wraith (D:10)
  A steam dragon (D:9)
  2 water moccasins
  A sky beast (D:4)
  3 ice beasts (D:6)
  3 black bears
  2 centaurs
  A phantom (D:6)
  A kobold brigand (D:5)
  2 necrophages (D:5)
  2 bullfrogs (D:6)
  A scorpion (D:5)
  2 killer bees (D:11)
  A howler monkey (D:3)
  An electric eel (D:10)
  3 hounds
  An orc priest (D:6)
  2 orc wizards
  3 iguanas
  Robin (D:3)
  6 adders
  2 white imps (D:6)
  2 ufetubi (D:6)
  2 worms
  A dart slug (D:1)
  10 orcs
  5 bats
  4 endoplasms
  2 giant cockroaches (D:1)
  24 goblins
  5 hobgoblins
  5 jackals
  10 kobolds
  A quokka (D:2)
  3 ball pythons
  3 frilled lizards
  3 rats
123 creatures vanquished.

Vanquished Creatures (collateral kills)
  A ball python (D:1)
1 creature vanquished.

Vanquished Creatures (others)
  14 plants (D:10)
14 creatures vanquished.

Grand Total: 138 creatures vanquished

Notes
Turn   | Place    | Note
-------+----------+-------------------------------------------
     0 | D:1      | kingofstarryskies the Meteoran Fighter began the quest for
                  | the Orb.
     0 | D:1      | Reached XP level 1. HP: 19/19 MP: 2/2
   176 | D:1      | Reached XP level 2. HP: 25/26 MP: 3/3
   345 | D:1      | Reached skill level 4 in Shields
   345 | D:1      | Reached XP level 3. HP: 31/31 MP: 4/4
   491 | D:1      | Glimpsed the power of Zot.
   549 | D:2      | Found Ziukigux's Distillery.
   616 | D:2      | Gained mutation: Armour fits poorly on your strangely
                  | shaped body. [potion of mutation]
   685 | D:2      | Reached XP level 4. HP: 36/39 MP: 5/5
   698 | D:2      | Reached skill level 5 in Shields
   698 | D:2      | Identified the +4 short sword "Xuar Kaph" {drain, *Noise
                  | *Corrode Int+8 Dex+3}
   964 | D:2      | Identified the +5 robe of Goadgh {*Corrode rF- Str+10
                  | Stlth+ Archmagi}
   998 | D:2      | Reached XP level 5. HP: 45/45 MP: 5/7
  1308 | D:3      | Noticed Robin
  1318 | D:3      | Reached skill level 1 in Spellcasting
  1337 | D:3      | Killed Robin
  1341 | D:3      | Reached skill level 6 in Shields
  1491 | D:3      | Noticed Ijyb
  1503 | D:3      | Identified a scroll of acquirement
  1503 | D:3      | Acquired a +2 demon trident of electrocution
  1504 | D:3      | Noticed Ijyb
  1504 | D:3      | Ijyb changed into Ijyb the howler monkey
  1510 | D:3      | Killed Ijyb the howler monkey
  1511 | D:3      | Reached XP level 6. HP: 23/51 MP: 7/9
  1616 | D:4      | Found a stormy altar of Qazlal.
  1628 | D:4      | Found Faittaur's Jewellery Boutique.
  1679 | D:4      | Became a worshipper of Qazlal Stormbringer
  1752 | D:4      | Noticed a black bear
  1777 | D:4      | Killed a black bear
  1778 | D:4      | Reached skill level 7 in Shields
  2077 | D:4      | Noticed a sky beast
  2095 | D:4      | Killed a sky beast
  2096 | D:4      | Reached XP level 7. HP: 57/57 MP: 10/12
  2142 | D:4      | Lost mutation: Armour fits poorly on your strangely shaped
                  | body. [potion of mutation]
  2142 | D:4      | Gained mutation: You are robust. (+10% HP) [potion of
                  | mutation]
  2180 | D:4      | Noticed Sigmund
  2183 | D:4      | Killed Sigmund
  2184 | D:4      | Reached skill level 8 in Shields
  2196 | D:5      | Entered Level 5 of the Dungeon
  2223 | D:5      | Reached skill level 9 in Shields
  2223 | D:5      | Reached XP level 8. HP: 58/70 MP: 12/14
  2576 | D:5      | Reached skill level 10 in Shields
  2795 | D:6      | Reached skill level 5 in Spellcasting
  2795 | D:6      | Gained mutation: You passively map the area around you.
                  | [Meteoran growth]
  2795 | D:6      | Reached XP level 9. HP: 73/77 MP: 17/17
  2796 | D:6      | Reached * piety under Qazlal
  2806 | D:6      | Found a staircase to the Ecumenical Temple.
  2872 | D:6      | Reached skill level 5 in Polearms
  3422 | D:6      | Glimpsed the power of Zot.
  3440 | Temple   | Entered the Ecumenical Temple
  3473 | D:6      | Glimpsed the power of Zot.
  4023 | D:7      | Glimpsed the power of Zot.
  4078 | D:9      | Found a staircase to the Orcish Mines.
  4102 | D:9      | Identified the +5 whip of Hywkokut {freeze, rPois}
  4190 | D:10     | Entered Level 10 of the Dungeon
  4434 | D:10     | Got the Guide on Lightning and Permutations
  4446 | D:10     | Reached XP level 10. HP: 54/84 MP: 21/21
  4446 | D:10     | Noticed Fannar
  4528 | D:11     | HP: 3/84 [killer bee (3)]
  4528 | D:11     | Slain by a killer bee

Illustrated notes

Levels and vault maps discovered:
D:1:      heliophobic_arrival_henge, layout_loops_ring,
          minmay_misc_feat_diagonals
D:2:      kennysheep_the_goblin_king, layout_basic, serial_shops,
          nicolae_shop_temple_entry_statues_fountains,
          chequers_serial_rivers_micro_b, amcnicky_mini_rare_corridor_liquid,
          grunt_ministairs_5, cheibrodos_gnoll_hut
D:3:      layout_basic, uniq_ijyb, uniq_robin
D:4:      layout_layer_cave, grunt_qazlal_clouds, serial_shops,
          nicolae_shop_waterfront, uniq_sigmund
D:5:      layout_basic
D:6:      layout_layer_cave, minmay_temple_entry_statues_pillars
D:7:      layout_basic, kiku_gazebo_garden_becter, serial_co_window_serial,
          co_window_paths_a, co_window_paths_a, co_window_of_opportunity_a,
          co_window_corner_a, co_window_paths_a, co_window_of_opportunity_a,
          co_window_paths_b, co_window_cross_1, co_window_paths_b,
          co_window_paths_c, co_window_unsneaky_path_d,
          co_window_unsneaky_path_a, co_window_4corner_a, co_window_paths_e,
          hangedman_abyss_or_decor_slice
D:8:      layout_basic, makhleb_grotto_becter,
          mainiacjoe_overflow_concentric_impassable,
          nicolae_concentric_dashed_squares_wild
D:9:      layout_stronghold, orc_0_dummy, serial_shops, shop
D:10:     layout_rooms, dreamdust_divine_triumvirate, serial_bayou,
          serial_bayou_lake_a, serial_bayou_shore_b, serial_bayou_shore_b,
          serial_bayou_crossing, serial_bayou_ford_a, uniq_fannar
D:11:     minmay_the_grid_octo_tiled_squarecenter_mashed
          [minmay_the_grid_octo_clover, minmay_the_grid_octo_pinwheel,
          minmay_the_grid_octo_teeth, minmay_the_grid_octo_chip,
          minmay_the_grid_square_5x5_megaprize_crossed,
          minmay_the_grid_square_5x5_intrusive_squares,
          minmay_the_grid_square_5x5_three_walls,
          minmay_the_grid_square_5x5_forky, minmay_the_grid_square_5x5_bridge],
          layout_cave_pools, enter_trove_5
Temple:   hellmonk_temple_two_chambers

Skill      XL: |  1  2  3  4  5  6  7  8  9 10 |
---------------+-------------------------------+-----
Shields        | 4 5 6 7 9 10 | 10.2
Spellcasting   | 1 2 3 5 7 |  7.1
Polearms       | 4 8 9 |  9.0
Fighting       | |  3.6
Armour         | |  3.9

Action                   |  1- 3 |  4- 6 |  7- 9 | 10-12 || total
-------------------------+-------+-------+-------+-------++-------
Melee: Trident           |    93 |   104 |       |       ||   197
       Demon trident     |       |    35 |   154 |    25 ||   214
Evoke: Wand              |       |     1 |       |       ||     1
  Use: Scroll            |     5 |     4 |     8 |     2 ||    19
       Potion            |     1 |     5 |     4 |     2 ||    12
Armor: Scale mail        |    40 |    68 |    55 |    39 ||   202
Dodge: Dodged            |    23 |    41 |    28 |    14 ||   106
Block: Buckler           |    22 |    31 |       |       ||    53
       Kite shield       |       |    17 |    83 |    46 ||   146
